 Dungeon Crawl Stone Soup version 0.20-a0-991-g93344ec (webtiles) character file.

312 Aksej the Slasher (level 6, -2/46 HPs)
             Began as a Demonspawn Gladiator on Apr 11, 2017.
             Slain by an ogre
             ... wielding a +0 giant spiked club
              (20 damage)
             ... on level 5 of the Dungeon.
             The game lasted 00:05:38 (2272 turns).

Aksej the Slasher (Demonspawn Gladiator)            Turns: 2272, Time: 00:05:38

Health: -2/46      AC:  5    Str: 14    XL:     6   Next: 18%
Magic:  6/6        EV: 13    Int: 10    God:
Gold:   131        SH:  0    Dex: 16    Spells: 5/5 levels left

rFire    . . .     SeeInvis .   a - +1 long sword
rCold    . . .     Gourm    .   (no shield)
rNeg     . . .     Faith    .   b - +0 leather armour
rPois    .         Spirit   .   p - +1 hat
rElec    .         Reflect  .   (no cloak)
rCorr    .         Harm     .   o - +0 pair of gloves
MR       .....                  (no boots)
Stlth    +++.......             (no amulet)
Regen    0.2/turn               (no ring)
MPRegen  0.1/turn               (no ring)

@: no status effects
A: horns 1, nightstalker 1, spiny 2
a: no special abilities


You were on level 5 of the Dungeon.
You were not hungry.

You visited 1 branch of the dungeon, and saw 7 of its levels.

You collected 131 gold pieces.

Inventory:

Hand Weapons
 a - a +1 long sword (weapon)
Missiles
 d - 3 throwing nets
 s - 4 tomahawks (quivered)
Armour
 b - a +0 leather armour (worn)
 o - a +0 pair of gloves (worn)
 p - a +1 hat (worn)
Wands
 r - a wand of digging (14/24)
Scrolls
 h - a scroll of enchant armour
 i - a scroll of remove curse
 l - 4 scrolls of teleportation
Potions
 c - a potion of cancellation {unknown}
 j - a potion of might {unknown}
Comestibles
 f - 2 bread rations
 g - a royal jelly
 k - a fruit


   Skills:
 + Level 2.4 Fighting
 * Level 5.3 Long Blades
 + Level 1.8 Throwing
 + Level 2.0 Armour
 + Level 3.0 Dodging
 + Level 1.3 Stealth


You had 5 spell levels left.
You didn't know any spells.

Dungeon Overview and Level Annotations

Branches:
Dungeon (7/15)
 Temple: D:4-7

Altars:
Trog
Vehumet
Yredelemnul

Annotations:
D:6 Pikel


Innate Abilities, Weirdness & Mutations

You have a pair of small horns on your head.
You are slightly more attuned to the shadows.
You are mostly covered in sharp spines.


Message History

The leopard gecko bites you. The slave hits you.
The ogre is struck by your spines.
The ogre hits you with a giant spiked club!
The orc is struck by your spines.
You kill the orc!
You hit the slave.
The slave is severely wounded.
The bullfrog zombie is struck by your spines.
The bullfrog zombie hits you.
The leopard gecko is struck by your spines.
The leopard gecko misses you.
You riposte.
You slash the leopard gecko!
You kill the leopard gecko!
The slave is struck by your spines. The slave closely misses you.
The shadow imp hits you but does no damage.
The bullfrog zombie hits you.
You slash the slave!
You kill the slave!
That felt strangely unrewarding.
The ogre hits you with a giant spiked club!!
You die...

##### #...#
#.##$..#
#.##.Z.#
######.##@).#
........[5O.#
.......#.Z..#
l...........#
......>!#...#
......?.#...#
."..........#
....(..#.####
.....l.#.#


You could see an ogre, a shadow imp, an adder zombie and a bullfrog zombie.

Vanquished Creatures
  A slave (D:5)
  A centaur (D:3)
  2 orc priests (D:2)
  An orc wizard (D:5)
  A centaur skeleton (D:4)
  3 adders
  A worm (D:2)
  2 dart slugs
  2 leopard geckos
  10 orcs
  A ball python (D:2)
  7 bats
  3 giant cockroaches
  14 goblins
  4 hobgoblins
  3 jackals (D:3)
  6 kobolds
  5 rats
67 creatures vanquished.

Notes
Turn   | Place    | Note
-------+----------+-------------------------------------------
     0 | D:1      | Aksej the Demonspawn Gladiator began the quest for the Orb.
     0 | D:1      | Reached XP level 1. HP: 16/16 MP: 1/1
   220 | D:1      | Reached skill level 3 in Long Blades
   307 | D:1      | Gained mutation: You have a pair of small horns on your head. [demonic ancestry]
   307 | D:1      | Reached XP level 2. HP: 18/22 MP: 2/2
   795 | D:2      | Gained mutation: You are partially covered in sharp spines. [demonic ancestry]
   795 | D:2      | Reached XP level 3. HP: 17/27 MP: 3/3
   934 | D:2      | Found a bloodstained altar of Trog.
  1245 | D:2      | Reached skill level 4 in Long Blades
  1245 | D:2      | Reached skill level 1 in Armour
  1245 | D:2      | Reached XP level 4. HP: 17/33 MP: 4/4
  1566 | D:3      | Noticed a centaur
  1573 | D:3      | Killed a centaur
  1573 | D:3      | Gained mutation: You are slightly more attuned to the shadows. [demonic ancestry]
  1573 | D:3      | Reached XP level 5. HP: 17/39 MP: 5/5
  1618 | D:3      | Found a bloodstained altar of Trog.
  1737 | D:3      | Found a radiant altar of Vehumet.
  1962 | D:3      | Reached skill level 5 in Long Blades
  2098 | D:4      | Reached skill level 1 in Stealth
  2189 | D:4      | Found a basalt altar of Yredelemnul.
  2214 | D:4      | You fall through a shaft for 3 floors!
  2225 | D:6      | Gained mutation: You are mostly covered in sharp spines. [demonic ancestry]
  2225 | D:6      | Reached XP level 6. HP: 46/46 MP: 6/6
  2233 | D:6      | Noticed a slave
  2234 | D:6      | Noticed a slave
  2235 | D:6      | Noticed a slave
  2236 | D:6      | Noticed Pikel
  2240 | D:6      | Noticed a slave
  2252 | D:5      | Entered Level 5 of the Dungeon
  2272 | D:5      | Killed a slave
  2272 | D:5      | Slain by an ogre

Vault maps used:
D:1:      minmay_arrival_widening_spiral_narrow
D:2:      cheibrodos_pilgrimage, first_bread, trog_book
D:3:      lemuel_doored_altar, old_standard_altar
D:4:      nicolae_overflow_hidden_temple, yredelemnul_altar_generic,
          minmay_temple_entry_grid, serial_shops, shop_statue,
          cheibrodos_ashenzari_chains
D:6:      gammafunk_temple_overflow_statue, grunt_ministairs_6, fedhas_altar_3,
          uniq_pikel
D:7:      uniq_duvessa

Skill      XL: |  1  2  3  4  5 |
---------------+----------------+-----
Long Blades    | 3 4 5 |  5.3
Armour         | 1 2 |  2.0
Dodging        | 3 |  3.0
Stealth        | 1 |  1.3
Fighting       | |  2.4
Throwing       | |  1.8

Action                   |  1- 3 |  4- 6 || total
-------------------------+-------+-------++-------
Melee: Long sword        |    64 |    52 ||   116
       Headbutt          |     7 |     9 ||    16
  Use: Scroll            |     2 |     7 ||     9
       Potion            |       |     4 ||     4
 Stab: Sleeping          |     1 |     5 ||     6
  Eat: Chunk             |     1 |     3 ||     4
Armor: Leather armour    |    11 |    14 ||    25
Dodge: Dodged            |    52 |    41 ||    93
       Rpst.: Long sword |    13 |    13 ||    26
